 Dungeon Crawl Stone Soup version 0.17-a0-226-ge260c71 (webtiles) character file.

154 xeno23 the Conjurer (level 5, -1/38 HPs)
             Began as a Draconian Conjurer on Mar 28, 2015.
             Killed by nerve-wracking pain
             ... invoked by Menkaure
              (9 damage)
             ... on level 4 of the Dungeon.
             The game lasted 00:15:25 (2915 turns).

xeno23 the Conjurer (Draconian Conjurer)            Turns: 2915, Time: 00:15:26

Health: -1/38      AC:  7    Str: 10    XL:     5   Next: 13%
Magic:  0/12       EV: 12    Int: 17    God:
Gold:   191        SH:  0    Dex: 11    Spells: 2 memorised, 7 levels left

rFire  . . .     SeeInvis .     w - +0 falchion
rCold  . . .     Clarity  .     (armour unavailable)
rNeg   . . .     SustAb   .     (no shield)
rPois  .         Gourm    .     (helmet restricted)
rElec  .         Spirit   .     (no cloak)
rCorr  .         Warding  .     p - +0 pair of gloves
rMut   .         Stasis   .     C - +0 pair of boots
MR     .....                    (no amulet)
Stlth  ++........               (no ring)
                                (no ring)

@: very slightly contaminated, not resistant to hostile enchantments, unstealthy
A: unfitting armour, cold-blooded, AC +5
a: no special abilities


You were on level 4 of the Dungeon.
You were hungry.

You visited 1 branch of the dungeon, and saw 4 of its levels.

You collected 191 gold pieces.

Inventory:

Hand weapons
 o - a +0 spear
 w - a +0 falchion (weapon)
Missiles
 a - 29 poisoned needles
 h - 23 stones
 k - a throwing net
 y - 6 tomahawks (quivered)
Armour
 p - a +0 pair of gloves (worn)
 C - a +0 pair of boots (worn)
Magical devices
 A - a wand of cold (4)
Scrolls
 e - a scroll of random uselessness {unknown}
 g - 3 scrolls of identify
 i - 2 scrolls of fog {unknown}
 j - 2 scrolls of remove curse {unknown}
 s - a scroll of recharging {unknown}
 t - a scroll of enchant weapon {unknown}
 u - a scroll of enchant armour {unknown}
 v - a scroll of immolation {unknown}
 z - 3 scrolls of teleportation {unknown}
Potions
 q - a potion of resistance {unknown}
 r - a potion of curing {unknown}
 x - 2 potions of poison {unknown}
 B - a potion of restore abilities {unknown}
Books
 c - a book of Conjurations

   Spells                             Type                      Level
   a - Magic Dart                     Conjuration                  1
   b - Searing Ray                    Conjuration                  2
   c - Dazzling Spray                 Conjuration/Hexes            3
   d - Fulminant Prism                Conjuration/Hexes            4
   e - Iskenderun's Mystic Blast      Conjuration                  4
   f - Iskenderun's Battlesphere      Conjuration/Charms           5
Comestibles
 b - 5 bread rations
 d - a meat ration
 f - a chunk of flesh
 l - a royal jelly
 m - 5 fruits
 n - a beef jerky


   Skills:
 - Level 1.7 Dodging
 - Level 1.7 Stealth
 * Level 3.9 Spellcasting
 * Level 5.2 Conjurations


You had 7 spell levels left.
You knew the following spells:

 Your Spells              Type           Power        Failure   Level  Hunger
a - Magic Dart            Conj           ###.         1%          1    None
q - Dazzling Spray        Conj/Hex       ##......     17%         3    ###....


Dungeon Overview and Level Annotations

Branches:
Dungeon (4/15)
 Temple: D:4-7

Altars:

Annotations:
D:3 Grinder, Sigmund
D:4 Menkaure


Innate Abilities, Weirdness & Mutations

Your plain brown scales are hard (AC +5).
Your body does not fit into most forms of armour.
You are cold-blooded and may be slowed by cold attacks.


Message History

Casting: Dazzling Spray
Confirm with . or Enter, or press ? or * to list all spells.
Aiming: Dazzling Spray
Press: ? - help, Shift-Dir - straight line, f/p - Menkaure
Aim: Menkaure (heavily damaged)
You miscast Dazzling Spray.
You are very lightly contaminated with residual magic.
Sparks fly from your hands! Menkaure barely misses you.
Drink which item? (? for menu, Esc to quit)
Okay, then.
Evoke which item? (* to show all) (? for menu, Esc to quit)
Zapping:
A - a wand of cold (5)
Press: ? - help, Shift-Dir - straight line, f/p - Menkaure
Aim: Menkaure (heavily damaged)
The bolt of cold hits Menkaure.
Menkaure resists.
Menkaure is almost destroyed.
This wand has 4 charges left.
Menkaure points at you and mumbles some strange words.
Pain shoots through your body!
You die...

.##..##
####..###
###..##
### ##..##
+.# ###.#
#Z# ###
#.# ####
#'# #
#...##.#
.#
#...@M##.#
###...#.#
##...#
##.## #.#
##.# #.##
#.# ##.#


You could see Menkaure and an orc skeleton.

Vanquished Creatures
  An iguana (D:4)
  A worker ant (D:4)
  2 adders
  A giant mite (D:2)
  4 worms
  3 giant geckos
  2 oozes
  An orc (D:3)
  6 bats
  A bat skeleton (D:4)
  A giant cockroach (D:1)
  7 hobgoblins
  7 kobolds
  2 ball pythons
  2 giant newts (D:4)
  5 goblins
  8 rats
54 creatures vanquished.

Notes
Turn   | Place    | Note
--------------------------------------------------------------
     0 | D:1      | xeno23, the Draconian Conjurer, began the quest for the Orb.
     0 | D:1      | Reached XP level 1. HP: 14/14 MP: 3/3
     0 | D:1      | Noticed a merfolk zombie
     0 | D:1      | Noticed a vine stalker zombie
     1 | D:1      | Noticed a draconian zombie
     3 | D:1      | Noticed a spriggan zombie
     6 | D:1      | Noticed a formicid zombie
     7 | D:1      | Noticed a centaur zombie
     8 | D:1      | Noticed a draconian zombie
    12 | D:1      | Noticed an octopode zombie
    14 | D:1      | Noticed a centaur zombie
    16 | D:1      | Noticed an octopode zombie
    18 | D:1      | Noticed a draconian zombie
    19 | D:1      | Noticed a formicid zombie
   214 | D:1      | Reached XP level 2. HP: 20/20 MP: 4/4
   558 | D:1      | Reached XP level 3. HP: 26/26 MP: 0/6
   740 | D:2      | Learned a level 3 spell: Dazzling Spray
  1430 | D:2      | Reached XP level 4. HP: 33/33 MP: 6/9
  1899 | D:3      | Noticed Sigmund
  2446 | D:3      | Noticed Grinder
  2486 | D:4      | Reached skill level 5 in Conjurations
  2788 | D:4      | Reached XP level 5. HP: 18/38 MP: 0/12
  2903 | D:4      | Noticed Menkaure
  2915 | D:4      | Killed from afar by Menkaure

Action                   |  1- 3 |  4- 6 || total
-------------------------+-------+-------++-------
Melee: Unarmed           |    14 |       ||    14
       Whip              |    58 |    23 ||    81
       Falchion          |       |    62 ||    62
Throw: Stone             |    13 |     1 ||    14
       Tomahawk          |       |     1 ||     1
 Cast: Magic Dart        |    42 |    16 ||    58
       Dazzling Spray    |     2 |     8 ||    10
Evoke: Wand              |       |     1 ||     1
  Use: Scroll            |       |     1 ||     1
 Stab: Invisible         |       |     1 ||     1
       Sleeping          |       |     1 ||     1
  Eat: Chunk             |     2 |     5 ||     7
